Map: Deathaura LE

Players

deadspase

  • Race: Terran Terran
  • League: Silver
  • Spawn Location: 5:00

JTR - Winner!

  • Race: Terran Terran
  • Spawn Location: 11:00

VOD

Have the link to the VOD?

Description

Time

  • Played on: Aug. 7, 2020, 10:54 a.m.
  • Length: 7:54
Show
View Real Time Build Order
Export as new Build Order

deadspase Terran 

Build Orders:  

Get SALT Encoding   

  12  0:00  SCV  
  13  0:18  SCV  
  13  0:19  Supply Depot  
  14  0:30  SCV  
  15  0:42  SCV  
  16  0:43  Barracks  
  16  0:49  Refinery  
  16  0:54  SCV  
  17  1:04  Supply Depot  
  17  1:06  SCV  
  18  1:18  SCV  
  19  1:29  Marine  
  21  1:33  Engineering Bay  
  20  1:50  Command Center  
  20  1:53  Marine  
  21  1:57  SCV  
  22  2:11  Marine  
  22  2:14  Orbital Command  
  23  2:29  Marine  
  24  2:31  Barracks  
  24  2:39  SCV  
  24  2:43  Terran Infantry Weapons Level 1  
  25  2:47  Marine  
  26  2:51  SCV  
  27  3:03  SCV  
  27  3:04  Marine  
  29  3:07  Barracks  
  29  3:13  Engineering Bay  
  29  3:18  SCV x2  
  31  3:22  Marine x2  
  33  3:33  SCV  
  33  3:34  SCV  
  35  3:40  Marine  
  36  3:41  Barracks Tech Lab  
  36  3:43  Refinery  
  36  3:48  Terran Infantry Armor Level 1  
  36  3:58  Marine  
  31  4:09  SCV x2  
  28  4:14  Marine x2  
  28  4:20  Marine  
  28  4:21  SCV x2  
  31  4:24  Bunker  
  31  4:30  Bunker  
  31  4:33  SCV x2  
  33  4:44  Marine x3  
  36  5:01  Marine  
  36  5:02  Marine x2  
  39  5:18  Combat Shield  
  39  5:19  Marine x3  
  42  5:25  Factory  
  42  5:29  Bunker  
  39  6:01  Marine  
  42  6:08  Factory Tech Lab  
  42  6:14  Barracks Tech Lab  
  42  6:15  Barracks Tech Lab  
  40  6:21  Starport  
  38  6:45  Siege Tank  
  39  6:54  Supply Depot  
  39  6:55  Supply Depot x2  
  33  7:04  Marine x3  
  24  7:21  Siege Tank  
  26  7:34  SCV  
Show
View Real Time Build Order
Export as new Build Order

JTR Terran - Winner!

Build Orders:  

Get SALT Encoding   

  12  0:00  SCV  
  13  0:12  SCV  
  14  0:23  Supply Depot  
  14  0:28  SCV  
  15  0:46  Barracks  
  15  0:56  Barracks  
  15  0:58  SCV  
  16  1:10  SCV  
  17  1:18  Barracks  
  17  1:22  SCV  
  18  1:33  Marine  
  18  1:34  SCV  
  20  1:40  Supply Depot  
  20  1:43  Marine  
  21  1:49  Orbital Command  
  21  1:51  Marine  
  22  2:01  Marine  
  22  2:08  Supply Depot  
  23  2:09  Marine  
  23  2:11  Marine  
  25  2:18  Barracks  
  25  2:20  Marine  
  26  2:34  Marine x2  
  26  2:36  Barracks  
  28  2:39  Marine  
  29  2:48  SCV  
  30  2:52  Marine  
  30  2:53  Marine  
  30  2:54  Supply Depot  
  32  2:59  Marine  
  33  3:09  Barracks  
  33  3:12  Marine x3  
  36  3:14  SCV  
  36  3:17  Marine  
  38  3:20  Supply Depot  
  38  3:26  SCV  
  38  3:29  Marine  
  38  3:32  Marine x2  
  41  3:40  Marine  
  42  3:42  Supply Depot  
  42  3:46  Marine  
  42  3:47  Marine  
  44  3:58  Marine x2  
  44  3:59  Marine x2  
  43  4:03  Marine  
  43  4:05  Marine  
  44  4:16  Marine x4  
  43  4:19  SCV  
  43  4:21  Marine  
  43  4:23  Marine  
  47  4:25  Barracks  
  48  4:34  Marine x2  
  48  4:35  Supply Depot  
  50  4:41  Marine  
  50  4:42  Marine x3  
  53  4:52  Marine x2  
  54  4:58  Supply Depot  
  54  4:59  Supply Depot, Marine  
  51  5:21  Marine x2  
  51  5:22  Marine x5  
  58  5:39  Marine x4  
  58  5:41  Marine  
  58  5:42  Marine x2  
  57  5:57  Marine x4  
  57  5:59  Marine x2  
  57  6:00  Marine  
  64  6:11  Supply Depot  
  64  6:14  Barracks  
  64  6:15  Marine x3  
  67  6:19  Marine x2  
  67  6:20  Marine  
  64  6:39  Marine  
  62  6:40  Marine x5  
  62  6:45  Marine  
  64  6:57  Marine x2  
  64  6:58  Marine x4  
  64  7:02  Marine  
  64  7:03  Marine  
  60  7:15  Marine x2  
  61  7:16  Marine x3  
  65  7:28  Marine x3  
  57  7:33  Marine x2  
  57  7:36  Marine x2  
Tags
 
League
Silver
Matchup
TvT
Race
Terran
Spawn Locations
Cross Positions
Add a new tag
Caveats
  • Supply blocks, unpowered buildings, or Contaminate may cause inaccurate times.
  • Supply counts are checked every 10 seconds.